AoeStats
← Lünsiger Aeros.

Arena

507951680Analyzed
4v4 RM · 10d ago on Sep 20, 2026· 43m 46s· 8 players
Game mode
Random Map
Map size
Large (8 player)
Population
200
Speed
Normal
Resources
Standard
Victory
Conquest
Starting age
Dark Age
Ending age
Imperial Age
RankedLock teamsTeams togetherTeam positionsShared explorationLock speedFull tech treeHidden civsTurbo modeCheats
Victory
Defeat
🇭🇰 Persians · Hong Kong SAR China
1091
+13
🇭🇰 Portuguese · Hong Kong SAR China
1049
+15
🇭🇰 Muisca · Hong Kong SAR China
1004
+17
🇨🇳 Khmer · China
991
+17
🇫🇷 Spanish · France
1101
-19
🇫🇷 Lithuanians · France
1015
-15
🇩🇪 Turks · Germany
1013
-15
🇫🇷 Britons · France
962
-13
Lünsiger Aeros.
11:13 Feudal Age
12:12 Double-Bit Axe
13:26 Horse Collar
18:17 Wheelbarrow
20:48 Castle Age
25:51 Imperial Age
24:03 Bow Saw
28:30 Padded Archer Armor
32:58 Leather Archer Armor
32:54 Forging
32:44 Scale Mail Armor
32:35 Fletching
33:24 Heavy Scorpion
35:29 Ring Archer Armor
35:36 Artillery
39:30 Hand Cart
Noonanx
12:24 Feudal Age
17:05 Castle Age
15:24 Double-Bit Axe
15:23 Horse Collar
16:03 Stone Mining
26:08 Fletching
26:19 Padded Archer Armor
27:23 Wheelbarrow
26:36 Town Watch
27:21 Gold Mining
27:53 Ballistics
27:59 Bodkin Arrow
32:04 Imperial Age
30:23 Hand Cart
30:33 Leather Archer Armor
32:22 Gold Shaft Mining
32:07 Elite Longbowman
34:04 Chemistry
34:15 Conscription
34:02 Bracer
36:28 Murder Holes
36:17 Treadmill Crane
36:33 Murder Holes
36:44 Town Patrol
36:50 Heavy Plow
37:03 Bow Saw
37:28 Forging
37:19 Scale Mail Armor
38:15 Ring Archer Armor
37:08 Pikeman
37:36 Gambesons
37:54 Squires
38:02 Halberdier
40:29 Iron Casting
40:10 Chain Mail Armor
Le Rhinoceros
0:27 Loom
11:59 Feudal Age
12:26 Double-Bit Axe
12:25 Horse Collar
18:23 Castle Age
17:10 Forging
17:24 Gold Mining
19:15 Bow Saw
19:08 Heavy Plow
20:41 Fervor
22:10 Wheelbarrow
21:21 Town Watch
24:30 Hand Cart
29:06 Town Patrol
29:47 Iron Casting
29:17 Scale Barding Armor
29:23 Fletching
31:37 Chain Barding Armor
32:22 Caravan
35:21 Imperial Age
32:54 Husbandry
33:05 Bloodlines
32:16 Light Cavalry
33:25 Bodkin Arrow
33:31 Stone Mining
35:33 Masonry
35:23 Cavalier
36:09 Pikeman
36:49 Squires
39:58 Fortified Wall
40:18 Architecture
39:29 Treadmill Crane
40:10 Ballistics
41:21 Conscription
41:37 Hoardings
42:35 Paladin
Notorious Guib
5:19 Loom
11:44 Feudal Age
16:46 Castle Age
14:36 Double-Bit Axe
18:14 Bow Saw
24:06 Gold Mining
25:40 Wheelbarrow
26:10 Pikeman
31:10 Imperial Age
29:38 Scale Barding Armor
30:40 Hand Cart
31:20 Elite Conquistador
34:09 Pikeman
34:50 Squires
35:13 Chain Barding Armor
35:39 Halberdier
36:24 Scale Mail Armor
37:01 Plate Barding Armor
36:57 Bloodlines
36:48 Husbandry
38:28 Horse Collar
40:02 Two-Man Saw
40:08 Chain Mail Armor
40:04 Forging
40:13 Forging
谷得超勁
13:15 Feudal Age
17:21 Castle Age
15:24 Double-Bit Axe
16:52 Horse Collar
18:47 Bow Saw
24:36 Heavy Plow
26:07 Wheelbarrow
27:44 Gold Mining
29:27 Hand Cart
32:16 Imperial Age
30:11 Stone Mining
31:39 Ballistics
32:12 Stone Shaft Mining
33:28 Elite Organ Gun
35:27 Arquebus
35:49 Conscription
37:17 Chemistry
36:23 Siege Engineers
36:14 Murder Holes
36:37 Padded Archer Armor
36:29 Fletching
38:54 Leather Archer Armor
西装老头
9:59 Feudal Age
16:26 Castle Age
14:59 Double-Bit Axe
21:40 Horse Collar
24:37 Wheelbarrow
26:49 Town Watch
26:53 Loom
30:37 Imperial Age
29:07 Husbandry
31:09 Bloodlines
33:06 Conscription
33:24 Forging
33:20 Scale Barding Armor
36:33 Chain Barding Armor
36:49 Iron Casting
37:30 Town Patrol
37:22 Light Cavalry
37:25 Elite Battle Elephant
38:28 Bow Saw
39:34 Blast Furnace
39:32 Heavy Plow
39:13 Hussar
41:48 Plate Barding Armor
41:58 Crop Rotation
Majorian
10:34 Feudal Age
14:11 Castle Age
11:59 Double-Bit Axe
12:39 Horse Collar
16:10 Wheelbarrow
22:44 Bow Saw
28:11 Imperial Age
25:27 Loom
25:57 Gold Mining
28:16 Scale Barding Armor
28:28 Hand Cart
27:58 Town Watch
27:52 Cavalier
28:59 Conscription
28:48 Elite War Elephant
30:15 Chain Barding Armor
32:55 Gold Shaft Mining
33:22 Two-Man Saw
32:14 Stone Mining
33:19 Plate Barding Armor
32:54 Forging
33:21 Fletching
34:27 Stone Shaft Mining
34:48 Heavy Plow
36:03 Iron Casting
35:43 Husbandry
35:53 Bloodlines
37:33 Blast Furnace
37:27 Masonry
39:33 Capped Ram
Humetsang
11:32 Feudal Age
16:52 Castle Age
14:40 Double-Bit Axe
24:52 Wheelbarrow
25:18 Horse Collar
28:56 Imperial Age
26:12 Loom
26:38 Scale Mail Armor
26:49 Forging
27:27 Chain Mail Armor
28:04 Gold Mining
28:06 Stone Mining
28:46 Bow Saw
29:16 Iron Casting
29:13 Elite Temple Guard
30:33 Plate Mail Armor
34:17 Conscription
38:58 Hand Cart
Connection lost

Rejoining the realm…

Still unreachable

The connection could not be restored.

Session expired

The server has moved on; the page needs a fresh start.